Map: Dusk Towers

Players

Miszu - Winner!

  • Race: Terran Terran
  • League: Master

TerenZ

  • Race: Zerg Zerg
  • League: Master

VOD

Have the link to the VOD?

Description

Time

  • Played on: Feb. 5, 2016, 6:07 p.m.
  • Length: 10:19
Show
View Real Time Build Order
Export as new Build Order

Miszu Terran - Winner!

Build Orders: MMM Bio 

Get SALT Encoding   

  12  0:02  SCV  
  13  0:14  SCV  
  14  0:21  Supply Depot  
  14  0:26  SCV  
  15  0:43  SCV  
  15  0:44  Barracks  
  15  0:47  Refinery  
  16  0:55  SCV  
  17  1:08  SCV  
  18  1:20  SCV  
  19  1:32  Orbital Command  
  19  1:34  Barracks Reactor  
  19  1:40  Command Center  
  19  1:50  Supply Depot  
  19  1:57  SCV  
  20  2:10  SCV  
  21  2:16  Reaper x2  
  21  2:22  SCV  
  24  2:27  Command Center  
  24  2:34  SCV  
  25  2:46  SCV  
  25  2:49  Reaper x2  
  28  2:54  Orbital Command  
  28  2:58  SCV  
  29  2:59  Barracks  
  29  3:03  Barracks  
  29  3:10  SCV  
  30  3:21  SCV  
  30  3:22  SCV  
  30  3:23  Reaper x2  
  30  3:24  Refinery  
  34  3:33  SCV  
  35  3:34  SCV  
  35  3:40  Orbital Command  
  36  3:45  SCV  
  36  3:46  SCV  
  38  3:56  Barracks Tech Lab x2  
  38  3:57  SCV  
  38  3:58  SCV  
  38  4:00  Refinery x2  
  39  4:06  SCV  
  39  4:09  Factory, SCV  
  41  4:11  SCV  
  41  4:13  Marine x2  
  41  4:16  Marine x2  
  45  4:18  SCV  
  45  4:21  SCV, Stimpack  
  45  4:23  SCV  
  48  4:31  Marine x2  
  49  4:33  Marine, SCV  
  49  4:34  Marine, Orbital Command  
  49  4:35  SCV  
  49  4:38  Engineering Bay  
  54  4:40  Engineering Bay  
  54  4:45  SCV  
  54  4:47  SCV  
  54  4:48  Marine  
  54  4:49  Marine  
  54  4:51  Marine  
  60  4:58  Supply Depot, SCV  
  60  4:59  Supply Depot  
  61  5:00  SCV  
  61  5:01  Starport, Factory Reactor  
  61  5:04  Terran Infantry Weapons Level 1  
  61  5:05  Terran Infantry Armor Level 1  
  61  5:20  Marine x3, SCV x2  
  66  5:22  Supply Depot, SCV  
  66  5:23  Supply Depot  
  66  5:24  Supply Depot, Marine  
  66  5:26  Supply Depot  
  68  5:32  SCV x2  
  68  5:34  SCV  
  71  5:37  Marine  
  71  5:42  Marine  
  71  5:43  Marine x2  
  71  5:45  SCV  
  71  5:48  Barracks, SCV  
  75  5:50  Barracks, Factory Tech Lab  
  75  5:51  Supply Depot  
  75  5:52  Supply Depot, SCV  
  75  5:54  Medivac  
  75  5:55  Marine  
  79  5:58  Medivac  
  79  6:00  Marine, SCV  
  79  6:01  SCV  
  84  6:05  SCV  
  85  6:12  SCV  
  85  6:13  SCV  
  85  6:14  Armory  
  85  6:16  Marine  
  85  6:17  SCV  
  89  6:21  Supply Depot  
  89  6:22  Marine  
  89  6:24  Supply Depot, SCV  
  89  6:25  Marine x2  
  92  6:29  Siege Tank  
  96  6:33  SCV x2  
  96  6:34  Marine  
  96  6:36  SCV  
  101  6:40  Marine  
  101  6:42  Marine  
  101  6:43  Marine  
  101  6:45  SCV  
  104  6:47  Barracks Reactor  
  104  6:48  Barracks Reactor  
  104  6:49  SCV x2  
  104  6:50  Supply Depot  
  104  6:52  Supply Depot, Marine  
  104  6:53  Refinery  
  105  6:56  Medivac  
  105  6:57  SCV  
  105  6:58  Marine, Medivac  
  105  7:00  Marine  
  105  7:01  Marine, SCV x2  
  114  7:03  Refinery  
  114  7:04  Combat Shields  
  115  7:10  Marine  
  115  7:16  Marine  
  115  7:18  Marine  
  104  7:27  Marine x5  
  104  7:28  Marine, Medivac, Siege Tank  
  104  7:29  Medivac, SCV x3  
  114  7:30  Terran Infantry Weapons Level 2  
  114  7:33  Marine  
  114  7:36  Marine  
  116  7:42  Terran Infantry Armor Level 2  
  119  7:44  Supply Depot  
  119  7:45  Marine x2  
  118  7:51  Terran Vehicle Weapons Level 1  
  118  7:52  Barracks  
  118  7:53  Barracks x2  
  118  7:55  Supply Depot  
  118  7:56  Supply Depot, Marine  
  119  8:01  Marine x5  
  119  8:02  Marine  
  119  8:03  Marine  
  124  8:13  Marine  
  124  8:16  Siege Tank  
  124  8:17  Medivac x2  
  124  8:19  Marine x3  
  134  8:20  Marine  
  134  8:21  Marine  
  136  8:28  Marauder x2  
  136  8:29  Missile Turret  
  136  8:31  Marine  
  139  8:36  Marine  
  139  8:37  Marine x2  
  139  8:38  Marine  
  139  8:39  Marine  
  139  8:40  Factory, Barracks Tech Lab x2  
  139  8:41  Barracks Tech Lab  
  144  8:44  Supply Depot  
  144  8:47  Supply Depot x2, Medivac  
  144  8:48  Medivac  
  148  8:49  Marauder, Marine, Siege Tank  
  148  8:50  Marauder  
  148  8:54  Marine  
  157  9:00  Marine x5, Marauder  
  157  9:02  Marauder  
  166  9:08  Command Center  
  157  9:11  Marauder  
  148  9:21  Marine, Marauder  
  151  9:26  Marine, Marauder  
  151  9:29  Marauder  
  151  9:30  Marine  
  151  9:31  Siege Tank, Marine x4, Marauder  
  156  9:39  Marine  
  156  9:42  Marine  
  156  9:44  Marine  
  162  9:48  Marine x4, Marauder  
  162  9:49  Marine  
  162  9:50  Marine  
  162  9:51  Marine  
  171  9:56  Marine  
Show
View Real Time Build Order
Export as new Build Order

TerenZ Zerg 

Build Orders: Hatch First 

Get SALT Encoding   

  12  0:00  Drone  
  13  0:12  Overlord  
  13  0:17  Drone  
  14  0:31  Drone x2  
  16  0:35  Drone  
  17  0:52  Hatchery  
  17  0:55  Drone  
  17  0:58  Drone  
  18  1:05  Extractor  
  17  1:15  Spawning Pool  
  17  1:16  Drone  
  17  1:22  Drone  
  18  1:29  Drone  
  19  1:39  Overlord  
  19  1:50  Drone  
  20  2:01  Queen  
  20  2:03  Zergling x2  
  20  2:04  Queen  
  20  2:06  Zergling x2  
  26  2:11  Metabolic Boost  
  27  2:15  Drone  
  27  2:18  Drone  
  28  2:31  Drone  
  28  2:32  Drone  
  30  2:37  Queen  
  32  2:47  Hatchery  
  31  2:52  Drone  
  31  2:55  Overlord  
  32  2:59  Drone x2  
  34  3:07  Drone x2  
  34  3:12  Overlord  
  36  3:20  Overlord  
  36  3:25  Roach Warren  
  34  3:27  Drone  
  34  3:28  Drone x2  
  34  3:31  Zergling x2  
  34  3:33  Zergling x2  
  39  3:36  Zergling x2  
  39  3:37  Zergling x2  
  41  3:43  Zergling x4  
  43  3:50  Zergling x6  
  45  3:58  Drone x2  
  46  4:03  Drone x3  
  46  4:08  Overlord  
  49  4:15  Queen  
  51  4:18  Drone  
  51  4:19  Drone x5  
  57  4:29  Evolution Chamber  
  57  4:30  Evolution Chamber  
  55  4:38  Overlord  
  55  4:39  Drone  
  55  4:40  Drone x5  
  61  4:45  Baneling Nest  
  60  4:56  Queen  
  60  4:58  Zerg Melee Weapons Level 1, Zerg Ground Armor Level 1  
  61  5:04  Drone x2  
  61  5:05  Drone x4  
  67  5:09  Zergling x8  
  67  5:10  Zergling x2  
  67  5:12  Zergling x2  
  73  5:25  Overlord x2, Hatchery  
  72  5:29  Extractor  
  72  5:30  Extractor  
  72  5:31  Baneling x4  
  69  5:43  Baneling x2  
  69  5:45  Drone  
  69  5:46  Drone x13  
  83  5:55  Overlord  
  83  5:56  Zergling x4  
  85  6:02  Hatchery  
  84  6:07  Baneling x3  
  84  6:13  Overlord  
  84  6:14  Lair  
  84  6:15  Drone x2  
  84  6:16  Drone  
  87  6:26  Drone  
  87  6:27  Drone x4  
  87  6:30  Overlord x2  
  87  6:31  Zergling x2  
  87  6:32  Zergling x8  
  97  6:35  Spore Crawler x2  
  97  6:38  Spore Crawler x2  
  93  6:40  Spore Crawler x2  
  91  6:47  Queen  
  91  6:51  Zergling x16  
  91  6:52  Zergling x2  
  101  7:01  Zergling x2  
  101  7:02  Zergling x10  
  99  7:18  Drone x5  
  90  7:23  Zergling x4  
  90  7:29  Zerg Melee Weapons Level 2  
  89  7:30  Zerg Ground Armor Level 2  
  89  7:31  Centrifical Hooks  
  89  7:33  Baneling  
  89  7:34  Zergling x4  
  89  7:35  Zergling x12  
  97  7:37  Extractor  
  97  7:38  Extractor  
  97  7:44  Hatchery  
  94  7:46  Zergling x2  
  94  7:47  Zergling x14  
  94  7:48  Baneling x4  
  101  7:52  Zergling x4  
  101  7:54  Baneling  
  101  7:56  Drone x4  
  107  8:04  Zergling x2  
  107  8:05  Zergling x22  
  115  8:15  Zergling x14  
  116  8:26  Drone x3  
  119  8:30  Drone x3  
  119  8:33  Overlord x2  
  119  8:34  Overlord  
  122  8:37  Baneling x5  
  122  8:38  Zergling x2  
  122  8:39  Zergling x6  
  126  8:43  Drone x3  
  126  8:44  Drone  
  126  8:46  Baneling x3  
  129  8:50  Infestation Pit  
  129  8:52  Spore Crawler  
  127  8:57  Baneling  
  127  8:58  Baneling x3  
  127  9:02  Zergling x2  
  128  9:03  Zergling x32, Hatchery  
  114  9:17  Zergling x2  
  114  9:18  Zergling x26  
  112  9:33  Zergling x2  
  112  9:34  Zergling x18  
  112  9:37  Baneling  
  112  9:38  Baneling x14  
  115  9:43  Zergling x12  
  115  9:44  Zergling x4  
  109  9:58  Zergling x22  
  104  10:02  Zergling x4  
Tags
 
Composition
MMM Bio
Matchup
TvZ
Add a new tag
Caveats
  • Supply blocks, unpowered buildings, or Contaminate may cause inaccurate times.
  • Supply counts are checked every 10 seconds.